 Dungeon Crawl Stone Soup version 0.18.1-50-g88ac8fd (console) character file.

151 Kloppie the Shield-Bearer (level 5, 0/43 HPs)
             Began as a Formicid Fighter on Oct 16, 2016.
             Slain by Crazy Yiuf
             ... wielding a +3 quarterstaff of chaos
              (12 damage)
             ... on level 3 of the Dungeon.
             The game lasted 00:03:17 (2239 turns).

Kloppie the Shield-Bearer (Formicid Fighter)        Turns: 2239, Time: 00:03:18

Health: 0/43       AC:  6    Str: 20    XL:     5   Next: 59%
Magic:  5/5        EV:  8    Int:  8    God:
Gold:   168        SH: 10    Dex: 11    Spells: 0 memorised, 4 levels left

rFire  . . .     SeeInvis +     a - +0 quarterstaff
rCold  . . .     Gourm    .     b - +0 scale mail
rNeg   . . .     Faith    .     c - +0 shield
rPois  .         Spirit   .     (helmet unavailable)
rElec  .         Dismiss  .     (no cloak)
rCorr  .         Reflect  .     (no gloves)
SustAt .         Harm     .     (no boots)
MR     .....                    (no amulet)
Stlth  ..........               (no ring)
                                (no ring)

@: not resistant to hostile enchantments, extremely unstealthy
A: permanent stasis, dig shafts and tunnels, four strong arms, antennae 3
a: Dig, Shaft Self


You were on level 3 of the Dungeon.
You were not hungry.

You visited 1 branch of the dungeon, and saw 3 of its levels.

You collected 168 gold pieces.

Inventory:

Hand Weapons
 a - a +0 quarterstaff (weapon)
Armour
 b - a +0 scale mail (worn)
 c - a +0 shield (worn)
Jewellery
 g - an uncursed ring of stealth {unknown}
 j - an uncursed amulet of guardian spirit {unknown}
 t - an uncursed ring of positive energy {unknown}
Wands
 o - a wand of teleportation (4/9)
Scrolls
 e - 4 scrolls of identify {unknown}
 i - a scroll of teleportation {unknown}
 l - 2 scrolls of magic mapping {unknown}
 m - a scroll of enchant armour {unknown}
 n - a scroll of enchant weapon {unknown}
 p - 2 scrolls of blinking {unknown}
 q - a scroll of immolation {unknown}
 s - a scroll of amnesia {unknown}
 x - a scroll of random uselessness {unknown}
Potions
 d - a potion of cancellation {unknown}
 k - a potion of lignification {unknown}
 u - a potion of haste {unknown}
 v - a potion of magic {unknown}
Comestibles
 f - 2 bread rations
 h - 2 meat rations
 r - 7 chunks of flesh
 w - 4 fruits


   Skills:
 + Level 4.3 Fighting
 + Level 3.6 Staves
 - Level 3.2 Armour
 + Level 5.0 Shields


You had 4 spell levels left.
You didn't know any spells.

Dungeon Overview and Level Annotations

Branches:
Dungeon (3/15)

Altars:
Elyvilon
Pakellas
Zin

Annotations:
D:3 Crazy Yiuf


Innate Abilities, Weirdness & Mutations

You are under a permanent stasis effect.
You can dig through walls and to a lower floor.
Your four strong arms can wield two-handed weapons with a shield.
You have a pair of large antennae on your head (SInv).


Message History

Crazy Yiuf burns you.
You sock Crazy Yiuf!
Crazy Yiuf is severely wounded.
You block Crazy Yiuf's attack.
You closely miss Crazy Yiuf.
Crazy Yiuf is severely wounded.
Crazy Yiuf hits you with a quarterstaff of chaos!
Crazy Yiuf freezes you.
You hit Crazy Yiuf.
Crazy Yiuf is almost dead.
Crazy Yiuf cries, "Spliff Hive toodlewoodle!"
Crazy Yiuf hits you with a quarterstaff of chaos!
* * * LOW HITPOINT WARNING * * *
Crazy Yiuf freezes you.
* * * LOW HITPOINT WARNING * * *
You are too injured to fight recklessly!
You closely miss Crazy Yiuf.
Crazy Yiuf is almost dead.
Crazy Yiuf hits you with a quarterstaff of chaos!
You die...

#.#
#.#.#............#..)......
#†#
#....##########...##.......
#.#
#.........................#
#.#
#...#################....##
#.# #.### #.#### #.###÷..#
#.# #.#....## #### #####.#
#.#....# #)..### #.....#
#....### #..g@.#####.....#
###....# #...##..#......##
#....## #### ###.#....##
###...# ######## #.#.#
#.#.# ### #.#.# #.# ###.#<#
#.# #...#.### #.#


You could see Crazy Yiuf.

Vanquished Creatures
  A gnoll (D:1)
  7 adders
  2 oozes (D:2)
  A worm (D:2)
  2 dart slugs
  2 giant geckos
  An orc (D:3)
  4 giant cockroaches
  2 goblins
  11 hobgoblins
  2 jackals (D:3)
  A ball python (D:3)
  7 bats
  2 giant newts (D:2)
  8 kobolds
  8 rats
61 creatures vanquished.

Notes
Turn   | Place    | Note
--------------------------------------------------------------
     0 | D:1      | Kloppie the Formicid Fighter began the quest for the Orb.
     0 | D:1      | Reached XP level 1. HP: 18/18 MP: 1/1
   185 | D:1      | Reached XP level 2. HP: 24/24 MP: 2/2
   219 | D:1      | Reached XP level 3. HP: 29/29 MP: 3/3
   378 | D:1      | Reached skill level 4 in Shields
   662 | D:2      | Found an oddly glowing altar of Pakellas.
   907 | D:2      | Reached XP level 4. HP: 29/37 MP: 4/4
  1322 | D:2      | Reached XP level 5. HP: 42/42 MP: 5/5
  1449 | D:2      | Found a white marble altar of Elyvilon.
  1868 | D:3      | Found a glowing silver altar of Zin.
  1956 | D:3      | Reached skill level 5 in Shields
  2230 | D:3      | Noticed Crazy Yiuf
  2239 | D:3      | Slain by Crazy Yiuf

Skill      XL: |  1  2  3  4  5 |
---------------+----------------+-----
Shields        | 4 5 |  5.0
Staves         | 3 |  3.6
Fighting       | 4 |  4.3
Armour         | |  3.2

Action                   |  1- 3 |  4- 6 || total
-------------------------+-------+-------++-------
Melee: Quarterstaff      |    79 |   102 ||   181
  Use: Potion            |       |     1 ||     1
  Eat: Chunk             |       |     4 ||     4
Armor: Scale mail        |    36 |    40 ||    76
Dodge: Dodged            |    29 |    33 ||    62
Block: Shield            |    50 |    44 ||    94
